 Dungeon Crawl Stone Soup version 0.21.0 (webtiles) character file.

674 DingoDongler the Chopper (level 7, -1/66 HPs)
             Began as a Minotaur Berserker on Aug 10, 2018.
             Was a Priest of Trog.
             Slain by a gnoll
             ... wielding a +0 spear
              (7 damage)
             ... on level 5 of the Dungeon.
             The game lasted 00:28:07 (3927 turns).

DingoDongler the Chopper (Minotaur Berserker)       Turns: 3927, Time: 00:28:07

Health: -1/66      AC:  5    Str: 24    XL:     7   Next: 33%
Magic:  6/6        EV: 12    Int:  4    God:    Trog [***...]
Gold:   183        SH:  0    Dex:  9    Spells: 6/6 levels left

rFire    . . .     SeeInvis .   a - +0 hand axe
rCold    . . .     Gourm    .   (no shield)
rNeg     . . .     Faith    .   i - +0 ring mail (curse)
rPois    .         Spirit   .   (helmet restricted)
rElec    .         Reflect  .   (no cloak)
rCorr    .         Harm     .   (no gloves)
MR       ++...                  (no boots)
Stlth    ..........             (no amulet)
HPRegen  1.21/turn              (no ring)
MPRegen  0.10/turn              (no ring)

@: berserk cooldown, regenerating, slowed, very slow
A: retaliatory headbutt, horns 2
a: Berserk, Trog's Hand, Burn Spellbooks, Renounce Religion


You were on level 5 of the Dungeon.
You worshipped Trog.
Trog was most pleased with you.
You were near starving.

You visited 1 branch of the dungeon, and saw 5 of its levels.

You collected 183 gold pieces.

Inventory:

Hand Weapons
 a - a +0 hand axe (weapon)
 w - a +0 giant spiked club
Armour
 b - a +0 animal skin
 i - a cursed +0 ring mail (worn)
Jewellery
 h - a cursed ring of teleportation {unknown}
 m - an uncursed ring of magical power {unknown}
Wands
 n - a wand of acid (10)
 o - a wand of iceblast (3)
Scrolls
 f - 5 scrolls of identify {unknown}
 l - 2 scrolls of blinking {unknown}
 p - a scroll of remove curse {unknown}
 r - 2 scrolls of fog {unknown}
 s - a scroll of magic mapping {unknown}
 t - 2 scrolls of amnesia {unknown}
 v - a scroll of immolation {unknown}
Potions
 d - a potion of lignification {unknown}
 e - 4 potions of haste {unknown}
 g - 2 potions of degeneration {unknown}
 j - a potion of invisibility {unknown}
 k - 2 potions of might {unknown}
 q - a potion of heal wounds {unknown}
 u - 3 potions of curing {unknown}
Comestibles
 c - 3 rations


   Skills:
 + Level 7.4 Fighting
 + Level 7.6 Axes
 - Level 2.7 Armour
 - Level 2.8 Dodging


You had 6 spell levels left.
You didn't know any spells.

Dungeon Overview and Level Annotations

Branches:
Dungeon (5/15)
 Temple: D:4-7

Altars:
Wu Jian
The Shining One

Shops:
D:4 !


Innate Abilities, Weirdness & Mutations

You reflexively headbutt those who attack you in melee.
You have a pair of horns on your head.


Message History

You are exhausted.
You feel yourself slow down.
Things that are here:
a spear; a scroll labeled BIMABL JESO; a gnoll corpse You hear the rusting of a very distant drain.
You see here a whip.
Your skin crawls.
You feel resistant to hostile enchantments.
You are near starving!
The gnoll closely misses you. The gnoll misses you. You furiously retaliate!
You headbutt the gnoll, but do no damage.
The gnoll hits you from afar with a spear.
* * * LOW HITPOINT WARNING * * *
You see here a robe.
You're still recovering from your berserk rage.
The gnoll barely misses you. You furiously retaliate!
You headbutt the gnoll. The gnoll barely misses you.
The gnoll hits you from afar with a spear!
You die...

##########################
#.#.........).#....#........
#.'....†%.g)@g(.)..').......
#'#.......g)[(#..).#.!....g.
#############''''##########
....................
≈≈≈≈≈≈....≈≈≈≈≈≈≈≈≈≈
≈≈≈≈≈≈....≈≈≈≈≈≈≈≈≈≈
≈≈≈≈≈≈....≈≈≈≈≈≈≈≈≈≈
................)...
###...>......)......


You could see 3 gnolls.

Vanquished Creatures
  An ogre (D:4)
  2 orc priests (D:4)
  A centaur skeleton (D:4)
  2 orc wizards
  An iguana (D:4)
  Terence (D:2)
  A gnoll shaman (D:5)
  Natasha (thrice) (D:2)
  A hound skeleton (D:4)
  15 gnolls (D:5)
  5 adders
  A worm (D:2)
  2 dart slugs (D:1)
  A leopard gecko (D:3)
  13 orcs
  A ball python (D:3)
  4 giant cockroaches
  9 goblins
  6 hobgoblins
  4 jackals (D:5)
  11 bats
  3 frilled lizards (D:2)
  5 kobolds
  6 rats
99 creatures vanquished.

Vanquished Creatures (others)
  A frilled lizard (D:1)
1 creature vanquished.

Grand Total: 100 creatures vanquished

Notes
Turn   | Place    | Note
-------+----------+-------------------------------------------
     0 | D:1      | DingoDongler the Minotaur Berserker began the quest for the Orb.
     0 | D:1      | Reached XP level 1. HP: 19/19 MP: 0/0
   272 | D:1      | Reached XP level 2. HP: 27/27 MP: 1/1
   794 | D:2      | Reached XP level 3. HP: 24/33 MP: 2/2
   983 | D:2      | Noticed Natasha
   987 | D:2      | Killed Natasha
   989 | D:2      | Noticed Terence
  1002 | D:2      | Killed Terence
  1002 | D:2      | Reached ** piety under Trog
  1002 | D:2      | Reached XP level 4. HP: 36/41 MP: 3/3
  1065 | D:2      | Reached skill level 5 in Axes
  1161 | D:2      | Noticed Natasha
  1171 | D:2      | Killed Natasha
  1171 | D:2      | Reached skill level 5 in Fighting
  1518 | D:2      | Found an ornate altar of the Wu Jian Council.
  1748 | D:2      | Noticed Natasha
  1753 | D:2      | Killed Natasha
  1753 | D:2      | Reached XP level 5. HP: 48/48 MP: 4/4
  2183 | D:3      | Reached *** piety under Trog
  2439 | D:4      | Reached XP level 6. HP: 18/57 MP: 5/5
  3119 | D:4      | Found Egroifet's Distillery.
  3172 | D:4      | Found a glowing golden altar of the Shining One.
  3724 | D:5      | Entered Level 5 of the Dungeon
  3757 | D:5      | Reached XP level 7. HP: 59/66 MP: 6/6
  3927 | D:5      | Slain by a gnoll

Skill      XL: |  1  2  3  4  5  6 |
---------------+-------------------+-----
Axes           | 4 5 6 7 |  7.6
Fighting       | 4 5 6 7 |  7.4
Armour         | |  2.7
Dodging        | |  2.8

Action                   |  1- 3 |  4- 6 |  7- 9 || total
-------------------------+-------+-------+-------++-------
Melee: Hand axe          |    48 |   129 |    44 ||   221
       Headbutt          |    12 |    20 |    11 ||    43
Invok: Berserk           |       |     1 |     2 ||     3
       Trog's Hand       |       |       |     1 ||     1
  Eat: Chunk             |       |     8 |     3 ||    11
Armor: Animal skin       |     9 |       |       ||     9
       Ring mail         |    11 |    40 |     5 ||    56
Dodge: Dodged            |    41 |    89 |    35 ||   165
